 Dungeon Crawl Stone Soup version 0.24.0-125-gc4c63601f3 (webtiles) character file.

Game seed: 4884527413442769015, levelgen mode: deterministic

7508 Bodigarde the Nimble (level 10, 0/59 HPs)
             Began as a Deep Elf Wizard on Jan 17, 2020.
             Was a Priest of Nemelex Xobeh.
             Slain by a cyan ugly thing (13 damage)
             ... on level 11 of the Dungeon on Feb 25, 2020.
             The game lasted 01:33:27 (15915 turns).

Bodigarde the Nimble (Deep Elf Wizard)             Turns: 15915, Time: 01:33:27

Health: 0/59       AC:  8    Str:  4    XL:     10   Next: 95%
Magic:  23/33      EV: 15    Int: 27    God:    Nemelex Xobeh [***...]
Gold:   590        SH:  0    Dex: 13    Spells: 11/25 levels left

rFire    . . .     SeeInvis .   a - +2 long sword (vamp)
rCold    . . .     Gourm    .   (no shield)
rNeg     . . .     Faith    .   b - +0 troll leather armour
rPois    .         Spirit   .   c - +0 helmet
rElec    .         Reflect  .   (no cloak)
rCorr    .         Harm     .   (no gloves)
MR       +....                  (no boots)
Stlth    ++........             F - amulet of magic regeneration
HPRegen  0.59/turn              K - +3 ring of protection
MPRegen  0.48/turn              G - ring of magical power

@: no status effects
A: no striking features
a: Draw Escape, Draw Destruction, Draw Summoning, Triple Draw, Renounce Religion


You were on level 11 of the Dungeon.
You worshipped Nemelex Xobeh.
Nemelex Xobeh was most pleased with you.
You were not hungry.

You visited 2 branches of the dungeon, and saw 12 of its levels.

You collected 590 gold pieces.

Inventory:

Hand Weapons
 a - a +2 vampiric long sword (weapon)
 j - a +0 hunting sling
 k - a cursed +5 scimitar
Missiles
 i - 407 stones (quivered)
Armour
 b - a +0 troll leather armour (worn)
 c - a +0 helmet (worn)
 x - a +0 robe
Magical Staves
 z - an uncursed staff of fire
Jewellery
 u - a cursed ring of stealth
 F - an amulet of magic regeneration (around neck)
 G - a ring of magical power (right hand)
 H - an uncursed ring of ice
 K - a +3 ring of protection (left hand)
Wands
 r - a wand of paralysis (11)
 D - a wand of random effects (15)
 I - a wand of disintegration (12)
Scrolls
 e - 6 scrolls of teleportation
 g - 4 scrolls of remove curse
 h - a scroll of fear
 v - a scroll of magic mapping
 B - 2 scrolls of amnesia
 C - 2 scrolls of enchant weapon
Potions
 l - 3 potions of brilliance
 m - 2 potions of haste
 n - a potion of flight {unknown}
 o - 3 potions of berserk rage {unknown}
 p - a potion of ambrosia {unknown}
 q - a potion of magic {unknown}
 s - a potion of agility {unknown}
 t - a potion of mutation {unknown}
 w - 2 potions of heal wounds {unknown}
 A - 2 potions of cancellation {unknown}
 E - 2 potions of lignification {unknown}
 J - 3 potions of curing
Comestibles
 d - 20 rations
 f - 4 chunks of flesh


   Skills:
 + Level 5.3 Fighting
 + Level 7.3 Long Blades
 + Level 8.3 Dodging
 - Level 2.4 Stealth
 - Level 8.0 Spellcasting
 - Level 6.0 Conjurations
 - Level 6.4 Summonings
 - Level 1.1 Translocations
 * Level 7.1 Earth Magic


You had 11 spell levels left.
You knew the following spells:

 Your Spells              Type           Power        Failure   Level  Hunger
a - Magic Dart            Conj           ####         1%          1    None
b - Call Imp              Summ           #####...     1%          2    None
c - Blink                 Tloc           N/A          9%          2    None
d - Mephitic Cloud        Conj/Pois/Air  ###.....     12%         3    None
e - Conjure Flame         Conj/Fire      ####....     9%          3    None
f - Stone Arrow           Conj/Erth      #####.       1%          3    None

Your spell library contained the following spells:

 Spells                   Type           Power        Failure   Level  Hunger
 Sandblast                Erth           #####.       1%          1    None
 Passwall                 Tmut/Erth      ####....     3%          2    None
 Slow                     Hex            ##......     14%         2    None
 Lee's Rapid Deconstruct  Erth           #####.....   14%         5    ####...
 Petrify                  Tmut/Erth      ####....     22%         4    ##.....


Dungeon Overview and Level Annotations

Branches:
Dungeon (11/15)            Temple (1/1) D:5
   Lair: D:8-11         Orc: D:9-12

Altars:
Ashenzari
Cheibriados
Dithmenos
Elyvilon
Fedhas
Gozag
Hepliaklqana
Kikubaaqudgha
Makhleb
Nemelex Xobeh
Okawaru
Qazlal
Ru
Sif Muna
Trog
Uskayaw
Vehumet
Wu Jian
Xom
Yredelemnul
Zin
The Shining One

Shops:
D:8 *   D:10 =


Message History

Aiming: Stone Arrow (safe; 1% risk of failure)
Press: ? - help, Shift-Dir - straight line, f/p - cyan ugly thing
Aim: a cyan ugly thing (flame, lightly wounded)
The stone arrow misses the cyan ugly thing.
The cyan ugly thing is engulfed in blazing flames.
The cyan ugly thing trunk-slaps you. The cyan ugly thing shocks you!
Casting: Stone Arrow (safe; 1% risk of failure)
Confirm with . or Enter, or press ? or * to list all spells.
Aiming: Stone Arrow (safe; 1% risk of failure)
Press: ? - help, Shift-Dir - straight line, f/p - cyan ugly thing
Aim: a cyan ugly thing (flame, moderately wounded)
The stone arrow misses the cyan ugly thing.
The cyan ugly thing is engulfed in blazing flames.
The cyan ugly thing trunk-slaps you! The cyan ugly thing shocks you!
The cyan ugly thing is engulfed in blazing flames.
The cyan ugly thing trunk-slaps you.
* * * LOW HITPOINT WARNING * * *
The cyan ugly thing shocks you!
You die...
Your body disappears without a glow.

.......<...#....#.........#
#####......÷.#.##.........#
########.#.##.........#
.......#.#.##.#####...#
.......#.#.## #...#
.......#.#.########...#
.......#.#^......##...#
#.§.#######.##...#
.......#u@..#.#..##...#
########....#.....)...#
#....#.........#
#....#...#####.# #....#...#
#.# ##'####...# #(#
#.........#####.#
#+#######.###.........))#
..........# #.....(...).#


You could see a cyan ugly thing.

Vanquished Creatures
  A two-headed ogre (D:10)
  Nergalle (D:10)
  2 gargoyles (D:10)
  Psyche (D:10)
  A troll (D:9)
  2 hippogriffs
  A wyvern (D:9)
  A steam dragon (D:6)
  A hungry ghost (D:9)
  Duvessa (D:6)
  3 orc warriors
  A sky beast (D:5)
  A phantom (D:10)
  A necrophage (D:10)
  4 ice beasts
  3 ogres
  2 centaurs
  A crocodile (D:10)
  A big kobold (D:11)
  7 bullfrogs
  Dowan (D:6)
  5 scorpions
  14 wights
  2 howler monkeys
  3 crimson imps
  A bullfrog zombie (D:9)
  4 jellies
  6 hounds
  A gnoll shaman (D:4)
  6 orc priests
  An iguana (D:2)
  7 orc wizards
  9 worker ants
  2 hound skeletons
  A mummy (D:5)
  A howler monkey zombie (D:6)
  A howler monkey skeleton (D:5)
  10 adders
  8 gnolls
  3 oozes
  3 adder zombies
  An adder skeleton (D:7)
  3 dart slugs
  7 leopard geckos
  36 orcs
  7 bats
  4 giant cockroaches
  9 goblins
  6 hobgoblins
  5 jackals
  13 kobolds
  7 quokkas
  3 ball pythons
  3 frilled lizards
  A hobgoblin zombie (D:5)
  A kobold zombie (D:5)
  A leopard gecko zombie (D:5)
  2 orc zombies (D:5)
  A quokka zombie (D:8)
  7 rats
242 creatures vanquished.

Vanquished Creatures (collateral kills)
  A sky beast (D:9)
  A centaur (D:6)
  A wyvern zombie (D:6)
  A scorpion (D:9)
  A crimson imp (D:7)
  A bullfrog zombie (D:5)
  2 jellies
  An orc priest (D:5)
  2 orc wizards
  A bullfrog skeleton (D:5)
  An iguana (D:5)
  2 worker ants
  A hound zombie (D:6)
  5 gnolls
  An adder (D:5)
  A river rat (D:3)
  8 orcs
31 creatures vanquished.

Grand Total: 273 creatures vanquished

Notes
Turn   | Place    | Note
-------+----------+-------------------------------------------
     0 | D:1      | Bodigarde the Deep Elf Wizard began the quest for the Orb.
     0 | D:1      | Reached XP level 1. HP: 10/10 MP: 7/7
   493 | D:1      | Reached XP level 2. HP: 15/15 MP: 3/9
   555 | D:1      | Learned a level 2 spell: Call Imp
   558 | D:1      | Learned a level 2 spell: Blink
  1227 | D:2      | Reached XP level 3. HP: 19/19 MP: 4/11
  1302 | D:2      | Learned a level 3 spell: Mephitic Cloud
  1306 | D:2      | Learned a level 3 spell: Conjure Flame
  1325 | D:2      | Reached skill level 5 in Spellcasting
  1423 | D:2      | Reached XP level 4. HP: 24/24 MP: 9/13
  2130 | D:2      | Reached XP level 5. HP: 28/28 MP: 3/15
  2221 | D:2      | Found a sparkling altar of Nemelex Xobeh.
  2225 | D:2      | Became a worshipper of Nemelex Xobeh the Trickster
  2509 | D:3      | Received a gift from Nemelex Xobeh
  3508 | D:3      | Reached XP level 6. HP: 32/32 MP: 11/17
  3522 | D:2      | Reached skill level 5 in Conjurations
  4593 | D:4      | Found a glowing drain.
  4966 | D:4      | Reached XP level 7. HP: 36/36 MP: 8/19
  5449 | D:4      | Reached * piety under Nemelex Xobeh
  5908 | D:4      | Found a snail-covered altar of Cheibriados.
  5942 | D:5      | Entered Level 5 of the Dungeon
  6926 | D:5      | Found a staircase to the Ecumenical Temple.
  6972 | Temple   | Entered the Ecumenical Temple
  7188 | D:5      | Reached skill level 1 in Fighting
  7280 | D:5      | Reached skill level 1 in Long Blades
  7398 | D:5      | Reached XP level 8. HP: 43/43 MP: 8/22
  7876 | D:6      | Noticed Dowan
  7883 | D:6      | Noticed Duvessa
  8098 | D:5      | Reached skill level 5 in Summonings
  8681 | D:6      | Killed Dowan
  9039 | D:6      | Killed Duvessa
  9522 | D:6      | Reached ** piety under Nemelex Xobeh
  9739 | D:6      | Reached skill level 5 in Dodging
 10003 | D:6      | Received a gift from Nemelex Xobeh
 10033 | D:6      | Reached XP level 9. HP: 23/49 MP: 15/23
 10388 | D:6      | You fall into a shaft and drop 3 floors!
 10389 | D:9      | Upgraded the game from 0.24.0-123-gd5b16e6ec5 to
                  | 0.24.0-125-gc4c63601f3
 11529 | D:7      | Received a gift from Nemelex Xobeh
 12252 | D:8      | Received a gift from Nemelex Xobeh
 12258 | D:8      | Found Biraut's Assorted Antiques.
 12263 | D:8      | Noticed a centaur warrior
 12358 | D:8      | Reached skill level 5 in Long Blades
 12893 | D:7      | Learned a level 3 spell: Stone Arrow
 13308 | D:8      | Reached skill level 1 in Earth Magic
 13886 | D:9      | Noticed a troll
 13933 | D:9      | Killed a troll
 14121 | D:9      | Reached *** piety under Nemelex Xobeh
 14308 | D:9      | Reached XP level 10. HP: 57/57 MP: 14/24
 14535 | D:10     | Entered Level 10 of the Dungeon
 14680 | D:10     | Found a shadowy altar of Dithmenos.
 14773 | D:10     | Noticed a gargoyle
 14787 | D:10     | Killed a gargoyle
 14869 | D:10     | Noticed Nergalle
 14879 | D:10     | Reached skill level 5 in Earth Magic
 14892 | D:10     | Found Geuliag's Jewellery Shop.
 14893 | D:10     | Noticed Psyche
 15072 | D:10     | Killed Psyche
 15238 | D:10     | Killed Nergalle
 15238 | D:10     | Reached skill level 5 in Fighting
 15388 | D:10     | Noticed a gargoyle
 15400 | D:10     | Killed a gargoyle
 15479 | D:10     | Noticed a two-headed ogre
 15484 | D:10     | Killed a two-headed ogre
 15587 | D:10     | Received a gift from Nemelex Xobeh
 15909 | D:11     | Noticed a cyan ugly thing
 15915 | D:11     | Slain by a cyan ugly thing

Levels and vault maps discovered:
D:1:      dpeg_arrival_tiny_d, layout_basic
D:2:      layout_rooms, lemuel_crystal_altar, first_ration
D:3:      layout_basic
D:4:      layout_layer_cave, portal_sewer_entry_b, kennysheep_slug_shrine
D:5:      layout_basic, minmay_temple_entry_ruins, serial_corexii_hall,
          chequers_hall_statues_wall_a, chequers_hall_statues_wall_a,
          corexii_hall_statues_x, corexii_hall_statues_l, minmay_mini_ossuary
D:6:      layout_cave_pools, serial_bayou_pond_e, uniq_duvessa
D:7:      layout_rooms
D:8:      layout_rooms, david_lair_shrubbed, serial_shops,
          nicolae_shop_overgrown_old_shop, blue_anna_alchemist
          [blue_anna_fruit_fields, blue_anna_fruit_fields]
D:9:      layout_roguey
D:10:     layout_rooms, serial_shops, shop, enter_bailey_7,
          grunt_dithmenos_smoke, uniq_psyche, uniq_nergalle
D:11:     hangedman_screamer, layout_stronghold, minmay_stone_trees_small,
          corner_web_ring, grunt_ministairs_10, uniq_grum
Temple:   kilobyte_greek_temple

Skill      XL: |  1  2  3  4  5  6  7  8  9 10 |
---------------+-------------------------------+-----
Conjurations   | 2 3 4 5 6 |  6.0
Spellcasting   | 5 6 7 8 |  8.0
Summonings     | 2 3 4 5 6 |  6.4
Dodging        | 3 5 6 8 |  8.3
Fighting       | 1 2 4 5 |  5.3
Long Blades    | 1 4 6 7 |  7.3
Earth Magic    | 3 7 |  7.1
Stealth        | |  2.4
Translocations | |  1.1

Action                   |  1- 3 |  4- 6 |  7- 9 | 10-12 || total
-------------------------+-------+-------+-------+-------++-------
Melee: Unarmed           |     1 |       |       |       ||     1
       Dagger            |     1 |       |       |       ||     1
       Long sword        |       |       |   139 |     4 ||   143
Throw: Stone             |     2 |     3 |    12 |       ||    17
 Cast: Magic Dart        |    55 |   184 |   245 |    53 ||   537
       Conjure Flame     |     1 |    10 |    31 |    15 ||    57
       Mephitic Cloud    |     1 |     4 |    35 |       ||    40
       Call Imp          |       |    23 |    64 |    10 ||    97
       Blink             |       |     3 |    10 |     1 ||    14
       Stone Arrow       |       |       |    58 |   118 ||   176
 Abil: Draw Destruction  |       |       |     1 |       ||     1
       Draw Escape       |       |       |     1 |       ||     1
Evoke: Wand              |       |       |       |     2 ||     2
  Use: Scroll            |       |     5 |    14 |     3 ||    22
       Potion            |       |       |     2 |       ||     2
 Stab: Confused          |       |       |    13 |       ||    13
       Sleeping          |       |       |     2 |       ||     2
       Distracted        |       |       |     3 |       ||     3
  Eat: Chunk             |     1 |    11 |    22 |     5 ||    39
       Ration            |       |       |     2 |       ||     2
Armor: Robe              |     6 |    10 |    11 |       ||    27
       Troll leather arm |       |       |       |     6 ||     6
Dodge: Dodged            |    19 |    45 |   144 |    21 ||   229
       Rpst.: Long sword |       |       |    40 |     3 ||    43
